 Dungeon Crawl Stone Soup version 0.22.1-2-g9c5b331 (webtiles) character file.

146 Lilu the Skirmisher (level 5, 0/57 HPs)
             Began as an Ogre Berserker on Nov 15, 2018.
             Was a Believer of Trog.
             Slain by a frilled lizard (3 damage)
             ... on level 2 of the Dungeon.
             The game lasted 00:08:57 (2032 turns).

Lilu the Skirmisher (Ogre Berserker)                Turns: 2032, Time: 00:08:57

Health: 0/57       AC:  3    Str: 21    XL:     5   Next: 28%
Magic:  5/5        EV: 11    Int:  8    God:    Trog [**....]
Gold:   140        SH:  0    Dex:  9    Spells: 4/4 levels left

rFire    . . .     SeeInvis .   g - +2 mace (protect)
rCold    . . .     Gourm    .   (no shield)
rNeg     . . .     Faith    .   b - +0 animal skin
rPois    .         Spirit   .   (helmet restricted)
rElec    .         Reflect  .   (no cloak)
rCorr    .         Harm     .   (gloves unavailable)
MR       .....                  (boots unavailable)
Stlth    +.........             j - amulet of inaccuracy (curse)
HPRegen  0.19/turn              (no ring)
MPRegen  0.09/turn              (no ring)

@: lethally poisoned (0 -> -1), berserk cooldown, slowed, very slow
A: large, unfitting armour, tough skin 1
a: Berserk, Trog's Hand, Renounce Religion


You were on level 2 of the Dungeon.
You worshipped Trog.
Trog was pleased with you.
You were near starving.

You visited 1 branch of the dungeon, and saw 3 of its levels.

You collected 140 gold pieces.

Inventory:

Hand Weapons
 a - a +0 mace
 g - a +2 mace of protection (weapon)
Armour
 b - a +0 animal skin (worn)
Jewellery
 e - an uncursed amulet of magic regeneration
 j - a cursed amulet of inaccuracy (around neck)
Wands
 f - a wand of random effects (32)
Scrolls
 d - a scroll of enchant weapon {unknown}
 h - a scroll of magic mapping {unknown}
 i - a scroll of identify {unknown}
Comestibles
 c - 7 rations


   Skills:
 + Level 5.4 Fighting
 + Level 3.7 Maces & Flails
 + Level 3.7 Dodging


You had 4 spell levels left.
You didn't know any spells.
Your spell library was empty.

Dungeon Overview and Level Annotations

Branches:
Dungeon (3/15)

Altars:
Okawaru


Innate Abilities, Weirdness & Mutations

You are too large for most types of armour.
You have tough skin. (AC +1)


Message History

A puff of flame appears from out of thin air!
The puff of flame hits you!
The frilled lizard bites you but does no damage.
The goblin barely misses you. Something hits you but does no damage.
You closely miss the frilled lizard. Something hits you.
The frilled lizard bites you. The goblin hits you.
Something hits you but does no damage. The frilled lizard bites you.
* * * LOW HITPOINT WARNING * * *
The goblin hits you.
* * * LOW HITPOINT WARNING * * *
Something completely misses you.
You miss the frilled lizard.
You feel sick.
You hear some strange, mumbled words.
A puff of flame appears from out of thin air!
The puff of flame hits you!
* * * LOW HITPOINT WARNING * * *
The frilled lizard closely misses you. The goblin hits you.
* * * LOW HITPOINT WARNING * * *
Something hits you but does no damage. The frilled lizard bites you.
You die...

#.# #.# #.# #.# #.####
#.# ####.# #.# #.#
#.##.## #.######....#
#.# #.# #...#.#
#.........#####.# #.#
####.##
########........######.#
#.# #..#............#
#.## #.##.############
###.#. #.##.######
#..... ### #......g@{#
#####.###. ##.##
#..#.####l# #.....# #.
##.#)###..#.# #.#
#.###.###.
##.###)##..#.# #.# #.#
#..... #.##
##.#....######### #.#
###### .##
##.)...8.8.8.8.# #.#
#.## ##.#.#..........#
#.#
.#.###.#..#..........#
#.#
....#................#
#.#


You could see a goblin and a frilled lizard.

Vanquished Creatures
  An orc priest (D:3)
  Terence (D:1)
  An adder (D:3)
  An ooze (D:2)
  3 dart slugs
  6 leopard geckos
  An orc (D:3)
  3 giant cockroaches
  6 hobgoblins
  6 jackals
  5 bats
  4 frilled lizards (D:1)
  12 goblins
  4 kobolds (D:1)
  6 rats
60 creatures vanquished.

Notes
Turn   | Place    | Note
-------+----------+-------------------------------------------
     0 | D:1      | Lilu the Ogre Berserker began the quest for the Orb.
     0 | D:1      | Reached XP level 1. HP: 24/24 MP: 1/1
    93 | D:1      | Reached XP level 2. HP: 32/32 MP: 2/2
   275 | D:1      | Reached XP level 3. HP: 37/40 MP: 3/3
   289 | D:1      | Reached ** piety under Trog
   889 | D:2      | Noticed Terence
   918 | D:1      | Killed Terence
   918 | D:1      | Reached skill level 5 in Fighting
   918 | D:1      | Reached XP level 4. HP: 25/50 MP: 4/4
  1378 | D:2      | Found an iron altar of Okawaru.
  2016 | D:3      | Reached XP level 5. HP: 57/57 MP: 5/5
  2032 | D:2      | Slain by a frilled lizard

Skill      XL: |  1  2  3 |
---------------+----------+-----
Dodging        | 3 |  3.7
Maces & Flails | 3 |  3.7
Fighting       | 5 |  5.4

Action                   |  1- 3 |  4- 6 || total
-------------------------+-------+-------++-------
Melee: Mace              |   122 |    76 ||   198
Invok: Berserk           |     2 |     2 ||     4
Evoke: Wand              |       |     7 ||     7
  Eat: Chunk             |     1 |     5 ||     6
Armor: Animal skin       |    53 |    44 ||    97
Dodge: Dodged            |    91 |    67 ||   158
